 Dungeon Sprint DCSS version 0.29-a0-789-g7a8fcbc185 (webtiles) character file.

Game seed: 5546916386734018650

67 mhtbhm the Sneak (level 3, -2/31 HPs)
             Began as a Palentonga Brigand on July 2, 2022.
             Was a Believer of Qazlal.
             Slain by Duvessa
             ... wielding a +0 short sword
              (12 damage)
             ... in the Dungeon (Sprint VII: "The Pits").
             The game lasted 00:01:06 (472 turns).

mhtbhm the Sneak (Palentonga Brigand)                Turns: 472, Time: 00:01:07

Health: -2/31      AC:  5    Str: 16    XL:     3   Next: 98%
Magic:  2/5        EV:  9    Int: 11    God:    Qazlal [**....]
Gold:   0          SH:  3    Dex: 11    Spells: 2/2 levels left

rFire   . . .      SeeInvis +   a - +2 dagger
rCold   . . .      Faith    .   (no shield)
rNeg    . . .      Spirit   .   b - +0 robe
rPois   .          Reflect  .   (no helmet)
rElec   .          Harm     .   c - +0 cloak
rCorr   .          Rampage  .   (no gloves)
Will    .....      NoTele   +   (no barding)
Stlth   ++........              (no amulet)
HPRegen 0.10/turn               (no ring)
MPRegen 0.09/turn               (no ring)

@: on berserk cooldown, hasted and slowed, invisible
A: large, rugged brown scales 3, see invisible, deformed body, roll 1, armoured
tail
a: Rolling Charge, Renounce Religion, Upheaval


You were in the Dungeon.
You worshipped Qazlal.
Qazlal was pleased with you.
You visited 1 branch

Inventory:

Hand Weapons
 a - a +2 dagger (weapon)
Missiles
 d - 9 poisoned darts (quivered)
 e - 3 curare-tipped darts
Armour
 b - a +0 robe (worn)
 c - a +0 cloak (worn)
Scrolls
 m - 5 scrolls of amnesia
 n - a scroll of summoning
Potions
 f - a potion of curing
 i - 4 potions of magic
 j - 2 potions of berserk rage
 l - a potion of invisibility


   Skills:
 + Level 3.0 Fighting
 + Level 3.3 Short Blades
 + Level 1.9 Throwing
 + Level 1.3 Dodging
 + Level 5.0 Stealth
 + Level 0.1 Shields
 * Level 3.2 Invocations


You had 2 spell levels left.
You didn't know any spells.
Your spell library was empty.

Dungeon Overview and Level Annotations

Branches:
Dungeon (1/1)

Altars:
Ashenzari
Cheibriados
Dithmenos
Elyvilon
Fedhas
Gozag
Hepliaklqana
Kikubaaqudgha
Makhleb
Nemelex Xobeh
Okawaru
Qazlal
Ru
Sif Muna
Trog
Uskayaw
Vehumet
Wu Jian
Xom
Yredelemnul
Zin
The Shining One
Jiyva
Lugonu

Annotations:
D Duvessa


Innate Abilities, Weirdness & Mutations

You are completely covered in rugged brown scales. (AC +3, +7% HP)
You have supernaturally acute eyesight. (SInv)
Armour fits poorly on your strangely shaped body.
You can roll at nearby foes to attack.
You have a long armoured tail.


Message History

You barely miss Duvessa.
Duvessa is almost dead.
Dowan barely misses you. Duvessa barely misses you.
Unknown command.
You hit Duvessa.
Duvessa is almost dead.
You are no longer berserk.
You are exhausted.
You feel yourself slow down.
You feel much better. Duvessa barely misses you.
Dowan is engulfed in blazing flames.
Dowan barely misses you. Duvessa misses you.
Dowan is engulfed in blazing flames.
You kill Dowan!
Qazlal accepts your kill.
Duvessa screams in rage.
Duvessa goes berserk!
Duvessa hits you with a +0 short sword!
Ouch! That really hurt!
* * * LOW HITPOINT WARNING * * *
Your Fighting skill increases to level 3!
Your Short Blades skill increases to level 3!
Your Stealth skill gained 2 levels and is now at level 5!
Your Invocations skill gained 2 levels and is now at level 3!
You have reached level 3!
Your experience leads to an increase in your attributes!
Increase (S)trength, (I)ntelligence, or (D)exterity?
You feel stronger. x2
Unknown command.
Unknown command.
Blink to where?
Press: ? - help, Dir - move target
As you read the scroll of blinking, it crumbles to dust.
You hear a shout!
You fade into invisibility!
You aren't carrying any items that you can evoke.
Unknown command.
You hear a shout!
You feel yourself speed up. Duvessa barely misses you.
You block Duvessa's attack. Duvessa closely misses you.
Duvessa hits you with a +0 short sword!
You die...

############
#_________.#
#_________.#
#_______...###########++
##########'##...........
#.?(.')))).##......#..#.
##########.##...........
#..........)'...........
#+#####@#####......#..#.
#..e..##...........
#####'#####'#####++
#...†.##.......#
#..e..##.......#
###'####.......#
##+#.....##...<...#
#...†)...##.......#
#........##.......#


You could see Duvessa (berserk, fast, unable to see you).

Vanquished Creatures
  Dowan (D)
  A river rat (D)
  An orc (D)
  An endoplasm (D)
  A hobgoblin (D)
  2 ball pythons (D)
  A giant cockroach zombie (D)
  A rat (D)
9 creatures vanquished.

Notes
Turn   | Place    | Note
-------+----------+-------------------------------------------
     0 | D        | mhtbhm the Palentonga Brigand began the quest for the Orb.
     0 | D        | Reached XP level 1. HP: 17/17 MP: 1/1
    23 | D        | Reached skill level 3 in Stealth
   235 | D        | Found a bloodstained altar of Trog.
   235 | D        | Found a shimmering blue altar of Sif Muna.
   235 | D        | Found a viscous altar of Jiyva.
   235 | D        | Found a hazy altar of Hepliaklqana.
   235 | D        | Found an opulent altar of Gozag.
   261 | D        | Found a glowing golden altar of the Shining One.
   261 | D        | Found a glowing silver altar of Zin.
   261 | D        | Found a basalt altar of Yredelemnul.
   261 | D        | Found a shimmering altar of Xom.
   261 | D        | Found an ornate altar of the Wu Jian Council.
   261 | D        | Found a sacrificial altar of Ru.
   261 | D        | Found a stormy altar of Qazlal.
   261 | D        | Found an iron altar of Okawaru.
   261 | D        | Found a sparkling altar of Nemelex Xobeh.
   261 | D        | Found a burning altar of Makhleb.
   261 | D        | Found a blossoming altar of Fedhas.
   261 | D        | Found a white marble altar of Elyvilon.
   261 | D        | Found a shadowy altar of Dithmenos.
   261 | D        | Found a snail-covered altar of Cheibriados.
   263 | D        | Found a radiant altar of Vehumet.
   263 | D        | Found a corrupted altar of Lugonu.
   264 | D        | Found a hide-covered altar of Uskayaw.
   264 | D        | Found an ancient bone altar of Kikubaaqudgha.
   264 | D        | Found a broken altar of Ashenzari.
   268 | D        | Became a worshipper of Qazlal Stormbringer
   319 | D        | Reached * piety under Qazlal
   443 | D        | Noticed Dowan
   449 | D        | Reached ** piety under Qazlal
   452 | D        | Noticed Duvessa
   458 | D        | Reached skill level 1 in Dodging
   458 | D        | Reached skill level 1 in Invocations
   458 | D        | Reached XP level 2. HP: 13/24 MP: 1/3
   466 | D        | Killed Dowan
   467 | D        | Reached skill level 5 in Stealth
   467 | D        | Reached XP level 3. HP: 10/31 MP: 1/5
   472 | D        | Slain by Duvessa

Illustrated notes

Levels and vault maps discovered:
D:        pitsprint [storerooms_1, entrance_room_1, metal_vault_3, armoury_3,
          mini_pit_1, grid_room_1, main_hall_1, silver_pit, the_coven_1,
          the_vestibule_1, steel_vault_3, golden_pit, hallway_of_sentries,
          crystal_vault_1, iron_vault_4, final_vault]

Skill      XL: |  1  2 |
---------------+-------+-----
Stealth        | 3 5 |  5.0
Dodging        | 1 |  1.3
Invocations    | 1 3 |  3.2
Fighting       | 3 |  3.0
Short Blades   | 3 |  3.3
Throwing       | |  1.9
Shields        | |  0.1

Action                   || total
-------------------------++-------
Melee: Dagger            ||    31
       Tailslap          ||     1
       Punch             ||     1
 Abil: Rolling Charge    ||     1
  Use: Potion            ||     4
       Scroll            ||     1
 Stab: Sleeping          ||     2
Armor: Robe              ||     4
Dodge: Dodged            ||    16
Block: Other             ||     2

Table legend: (Time is in decaauts)
 A = Elapsed time spent in this place.
 B = Non-inter-level travel time spent in this place.
 C = Inter-level travel time spent in this place.
 D = Time resting spent in this place.
 E = Time spent auto-exploring this place.
 F = Levels seen in this place.
 G = Mean time per level.
                   A        B        C        D        E       F      G
               +--------+--------+--------+--------+--------+-----+--------+
         Total |    467 |    467 |      0 |    344 |      0 |   1 |  467.0 |
       Dungeon |    467 |    467 |      0 |    344 |      0 |   1 |  467.0 |
               +--------+--------+--------+--------+--------+-----+--------+

Top non-repeatable levels by time:
       D: 467 daAuts
